 Dungeon Crawl Stone Soup version 0.28-a0-1624-g820543e53a (webtiles) character file.

Game seed: 14435352196179883760

1585 HallandMoats the Skirmisher (level 8, -3/74 HPs)
             Began as a Ghoul Fighter on Jan 23, 2022.
             Was a Plaything of Xom.
             Slain by an anaconda (16 damage)
             ... on level 5 of the Dungeon.
             The game lasted 00:08:00 (6351 turns).

HallandMoats the Skirmisher (Ghoul Fighter)         Turns: 6351, Time: 00:08:01

Health: -3/74      AC:  6    Str: 20    XL:     8   Next: 92%
Magic:  7/7        EV: 14    Int:  5    God:    Xom [..*...]
Gold:   140        SH:  5    Dex: 14    Spells: 7/7 levels left

rFire   . . .      SeeInvis .   a - +2 mace (protect)
rCold   + + .      Faith    .   c - +0 buckler
rNeg    + + +      Spirit   .   s - +3 leather armour {Will+}
rPois   ∞          Reflect  .   (no helmet)
rElec   +          Harm     .   (no cloak)
rCorr   +          Rampage  .   (no gloves)
Will    +++..                   (no boots)
Stlth   +.........              (no amulet)
HPRegen 0.00/turn               n - +6 ring of dexterity
MPRegen 0.10/turn               l - ring "Bej Dema" {Drain rElec rC+ Will++ rCorr}

@: agile, about to teleport, inhibited regen, slowed, constricted, very slow
A: claws 1, cold resistance 1, negative energy resistance 3, inhibited
regeneration, torment resistance 2
a: Renounce Religion


You were on level 5 of the Dungeon.
You worshipped Xom.
You were a toy of Xom.
You visited 1 branch of the dungeon, and saw 5 of its levels.

You collected 140 gold pieces.

Inventory:

Hand Weapons
 a - a +2 mace of protection (weapon)
 f - a +0 rapier of chaos
 m - a +1 whip of pain
Armour
 b - a +0 scale mail
 c - a +0 buckler (worn)
 p - a +0 plate armour
 s - a +3 leather armour of willpower (worn)
Jewellery
 i - a +6 ring of intelligence
 l - the ring "Bej Dema" (right claw) {Drain rElec rC+ Will++ rCorr}
   (Xom gifted it to you on level 2 of the Dungeon)

   [ring of protection from cold]

   rC:        It protects you from cold.
   rElec:     It insulates you from electricity.
   rCorr:     It protects you from acid and corrosion.
   Drain:     It drains your maximum health when unequipped.
   Will:      It greatly increases your willpower.
 n - a +6 ring of dexterity (left claw)
Wands
 r - a wand of acid (7)
Scrolls
 e - a scroll of amnesia {unknown}
 g - 3 scrolls of enchant weapon
 h - a scroll of vulnerability {unknown}
 j - a scroll of enchant armour
 o - 3 scrolls of magic mapping
 v - a scroll of blinking {unknown}
Potions
 k - a potion of heal wounds {unknown}
 q - a potion of flight
 t - a potion of lignification {unknown}
 u - a potion of attraction {unknown}
 w - a potion of mutation {unknown}


   Skills:
 * Level 7.7 Fighting
 + Level 4.3 Maces & Flails
 + Level 4.8 Armour
 + Level 3.8 Dodging
 + Level 4.8 Shields


You had 7 spell levels left.
You didn't know any spells.
Your spell library contained the following spells:

 Spells                   Type           Power      Damage    Failure   Level
 Summon Small Mammal      Summ           0%         N/A       63%         1
 Call Canine Familiar     Summ           0%         N/A       94%         3
 Summon Guardian Golem    Hex/Summ       0%         N/A       94%         3


Dungeon Overview and Level Annotations

Branches:
Dungeon (5/15)
 Temple: D:4-7

Altars:
Gozag
Kikubaaqudgha
Nemelex Xobeh
Trog
Wu Jian
Xom
Yredelemnul

Annotations:
D:3 Grinder


Innate Abilities, Weirdness & Mutations

You thrive by killing the living.
You are immune to poison.
You have sharp fingernails.
Your flesh is cold resistant. (rC+)
You are immune to negative energy. (rN+++)
You do not regenerate when monsters are visible.
You are immune to unholy pain and torment.


Message History

You are engulfed in seething chaos.
You hear Xom's avuncular chuckle.
The slime creature evaporates and reforms as an anaconda!
You are now a toy of Xom.
The anaconda barely misses you. The anaconda closely misses you.
You closely miss the anaconda.
You are engulfed in seething chaos.
You feel agile all of a sudden. The anaconda grabs you.
The anaconda closely misses you. The anaconda constricts you.
You block the anaconda's attack. The anaconda constricts you.
The anaconda closely misses you. The anaconda constricts you.
Unknown command.
You escape the anaconda's grasp.
You are engulfed in seething chaos.
You suddenly lose the ability to move!
The anaconda is engulfed in seething chaos.
You are engulfed in seething chaos.
The anaconda is engulfed in seething chaos.
The anaconda flickers and vanishes!
Deactivating autopickup; reactivate with Ctrl-A.
Something grabs you. Something bites you but does no damage.
You are constricted.
Something bites you.
You are constricted.
The jelly is engulfed in seething chaos.
The jelly flickers and vanishes!
You are engulfed in seething chaos.
Something bites you but does no damage.
You are constricted.
Something bites you!
You are constricted.
You can move again.
There is an open door here.
You escape the anaconda's grasp.
You are engulfed in seething chaos.
You feel yourself slow down.
You hear an angry hiss.
Something grabs you. Something bites you!
* * * LOW HITPOINT WARNING * * *
You are constricted.
* * * LOW HITPOINT WARNING * * *
Okay, then.
Unknown command.
Unknown command.
As you read the scroll of teleportation, it crumbles to dust.
You feel strangely unstable. Something bites you!
You die...

#...PJ....##.# #....
#.÷÷PJP÷..##.#####...#
#÷PJ.JJ÷P.##..).......
#..J.JJ...######......
##'#############.#....
##JJ....###..##.#..##
########.##..##...... ####
#....{{§###.......... ...#
#...@######.....##..# ##.#
#.......##...##.##... ##.#######
#.).....##..###.##.#. .........#
#.......##### #......
##.#####.####.......# ####...
##.#.......###.....## #.##
...#.###.#.# ##...##### #...
####.###.#.# ##'''###.###### #...
...#.##..#.###.............####..


There were no monsters in sight!

Vanquished Creatures
  Sigmund (D:2)
  Menkaure (D:4)
  Pargi (D:4)
  A necrophage (D:5)
  A centaur (D:5)
  A phantom (D:5)
  A kobold brigand (D:5)
  2 hounds (D:5)
  2 bullfrog zombies (D:5)
  3 jellies
  A centaur skeleton (D:4)
  Natasha (thrice) (D:4)
  4 gnolls (D:4)
  7 adders
  A shadow imp (D:5)
  A white imp (D:5)
  A worm (D:3)
  2 dart slugs
  2 orcs (D:3)
  8 ball pythons
  5 endoplasms
  3 giant cockroaches
  5 hobgoblins (D:1)
  2 quokkas
  4 bats
  9 frilled lizards
  5 goblins
  14 kobolds
  12 rats
103 creatures vanquished.

Vanquished Creatures (collateral kills)
  Eustachio (D:4)
  A necrophage (D:4)
  2 kobold brigands (D:5)
  Jessica (D:2)
  Terence (D:2)
  2 kobolds (D:5)
8 creatures vanquished.

Vanquished Creatures (others)
  3 orcs (D:3)
  5 fungi
  10 plants (D:1)
  10 toadstools (D:5)
28 creatures vanquished.

Grand Total: 139 creatures vanquished

Notes
Turn   | Place    | Note
-------+----------+-------------------------------------------
     0 | D:1      | HallandMoats the Ghoul Fighter began the quest for the Orb.
     0 | D:1      | Reached XP level 1. HP: 19/19 MP: 0/0
   141 | D:1      | Reached XP level 2. HP: 26/26 MP: 1/1
   590 | D:1      | Found a faded altar of an unknown god.
   598 | D:1      | Prayed at the altar of an unknown god.
   598 | D:1      | Became a worshipper of Xom of Chaos
   600 | D:1      | Reached XP level 3. HP: 31/33 MP: 2/2
  1195 | D:1      | Reached skill level 4 in Fighting
  1237 | D:1      | XOM: noise
  1375 | D:2      | XOM: cloud trail
  1546 | D:2      | Reached skill level 1 in Dodging
  1631 | D:2      | XOM: cloud trail
  1676 | D:2      | Reached XP level 4. HP: 40/40 MP: 3/3
  1701 | D:2      | Noticed Jessica
  1707 | D:2      | Noticed Terence
  1720 | D:2      | XOM: summons friendly soul eater
  1721 | D:2      | Killed Jessica
  1731 | D:2      | Killed Terence
  1732 | D:2      | Reached XP level 5. HP: 29/47 MP: 4/4
  1983 | D:2      | Identified the ring "Bej Dema" {Drain rElec rC+ Will++
                  | rCorr} (Xom gifted it to you on level 2 of the Dungeon)
  1983 | D:2      | XOM: god gift: ring "Bej Dema" {Drain rElec rC+ Will++
                  | rCorr}
  2091 | D:2      | XOM: fog
  2176 | D:2      | XOM: silly message
  2316 | D:2      | Found a bloodstained altar of Trog.
  2422 | D:2      | Noticed Sigmund
  2425 | D:2      | XOM: scenery: create altars
  2436 | D:2      | Killed Sigmund
  2437 | D:2      | Reached skill level 5 in Fighting
  2437 | D:2      | Reached XP level 6. HP: 18/56 MP: 5/5
  2665 | D:2      | XOM: cloud trail
  2837 | D:3      | XOM: destruction
  2859 | D:3      | Noticed Grinder
  3061 | D:3      | XOM: potion effect (might)
  3213 | D:3      | Found a basalt altar of Yredelemnul.
  3503 | D:4      | Noticed Menkaure
  3509 | D:4      | Killed Menkaure
  3510 | D:4      | Reached XP level 7. HP: 28/61 MP: 6/6
  3515 | D:4      | XOM: summons 1 hostile demon
  3708 | D:4      | Noticed Pargi
  3711 | D:4      | XOM: cleaving
  3730 | D:4      | Killed Pargi
  3876 | D:4      | XOM: cloud trail
  4074 | D:4      | XOM: cloud trail
  4112 | D:4      | Noticed Natasha
  4116 | D:4      | Killed Natasha
  4117 | D:4      | Reached skill level 6 in Fighting
  4158 | D:4      | XOM: 1-stop teleportation journey
  4165 | D:4      | Noticed Natasha
  4175 | D:4      | Killed Natasha
  4328 | D:4      | Noticed Natasha
  4335 | D:4      | Killed Natasha
  4452 | D:4      | XOM: summons 1 hostile demon
  4497 | D:4      | Noticed Eustachio
  4501 | D:4      | XOM: polymorph Eustachio -> Eustachio
  4507 | D:4      | XOM: chaos upgrade
  4520 | D:4      | XOM: enchant monster (bad)
  4529 | D:4      | XOM: swap monsters
  4567 | D:4      | XOM: confusion
  4573 | D:4      | XOM: chaos cloud
  4582 | D:4      | XOM: divination: detect items
  4586 | D:4      | XOM: cast spell 'Summon Horrible Things'
  4600 | D:4      | Killed Eustachio
  4601 | D:4      | Reached XP level 8. HP: 15/71 MP: 7/7
  4888 | D:4      | Found an ancient bone altar of Kikubaaqudgha.
  5108 | D:5      | Entered Level 5 of the Dungeon
  5142 | D:5      | Found a sparkling altar of Nemelex Xobeh.
  5225 | D:5      | XOM: god gift: plate armour {god gift}
  5267 | D:5      | Found an opulent altar of Gozag.
  5282 | D:5      | Reached skill level 7 in Fighting
  5328 | D:5      | XOM: noise
  5336 | D:5      | XOM: summons 5 hostile demons
  5729 | D:5      | XOM: god gift: halberd {god gift}
  5904 | D:5      | XOM: cleaving
  6070 | D:5      | Found an ornate altar of the Wu Jian Council.
  6158 | D:5      | XOM: potion effect (curing)
  6326 | D:5      | Noticed a slime creature
  6326 | D:5      | Noticed a slime creature
  6326 | D:5      | Noticed a slime creature
  6344 | D:5      | XOM: chaos cloud
  6345 | D:5      | Noticed an anaconda
  6345 | D:5      | a slime creature changed into an anaconda
  6345 | D:5      | XOM: polymorph slime creature -> anaconda
  6347 | D:5      | Paralysed by you for 3 turns
  6351 | D:5      | Slain by an anaconda

Illustrated notes

Levels and vault maps discovered:
D:1:      lightli_arrival_lavapool, layout_basic,
          shapermc_ecumenical_altar_mp_urbaneastern,
          minmay_misc_feat_more_columns, lexackson_kobold_supper
D:2:      layout_basic, basic_altar, uniq_sigmund, uniq_jessica, uniq_terence
D:3:      layout_loops_ring, mainiacjoe_overflow_boulevard, uniq_grinder
D:4:      layout_loops_corners, kiku_gazebo_pond_becter, uniq_eustachio,
          uniq_natasha, uniq_menkaure, uniq_pargi
D:5:      cheibrodos_fertilizer, layout_loops_cross, grunt_gozag_breadcrumbs,
          marbit_many_paths, mainiacjoe_overflow_tiny_flanked,
          kennysheep_crisscross, kennysheep_generic_room_5

Skill      XL: |  1  2  3  4  5  6  7  8 |
---------------+-------------------------+-----
Maces & Flails | 2 3 4 |  4.3
Fighting       | 4 5 6 7 |  7.7
Dodging        | 1 2 3 |  3.8
Armour         | 3 4 |  4.8
Shields        | 3 4 |  4.8

Action                   |  1- 3 |  4- 6 |  7- 9 || total
-------------------------+-------+-------+-------++-------
Melee: Flail             |   157 |       |       ||   157
       Whip              |    11 |   104 |       ||   115
       Mace              |       |     5 |   245 ||   250
  Use: Potion            |       |     1 |     3 ||     4
       Scroll            |       |     4 |     2 ||     6
 Stab: Sleeping          |       |       |     1 ||     1
Armor: Scale mail        |    92 |    36 |   185 ||   313
       Leather armour    |       |       |    97 ||    97
Dodge: Dodged            |    88 |    41 |   303 ||   432
Block: Buckler           |    29 |    20 |    93 ||   142

Table legend: (Time is in decaauts)
 A = Elapsed time spent in this place.
 B = Non-inter-level travel time spent in this place.
 C = Inter-level travel time spent in this place.
 D = Time resting spent in this place.
 E = Time spent auto-exploring this place.
 F = Levels seen in this place.
 G = Mean time per level.
                   A        B        C        D        E       F      G
               +--------+--------+--------+--------+--------+-----+--------+
         Total |   6468 |   6279 |    189 |    263 |   4853 |   5 | 1293.6 |
       Dungeon |   6468 |   6279 |    189 |    263 |   4853 |   5 | 1293.6 |
               +--------+--------+--------+--------+--------+-----+--------+

Top non-repeatable levels by time:
     D:4: 1677 daAuts
     D:1: 1416 daAuts
     D:2: 1402 daAuts
     D:5: 1279 daAuts
     D:3: 693 daAuts
